 Dungeon Crawl Stone Soup version 0.23.0 (webtiles) character file.

Game seed: 1910220387373214777

8045 MrMiggles the Spear-Bearer (level 11, -3/89 HPs)
             Began as a Merfolk Gladiator on Feb 19, 2019.
             Was an Elder of Okawaru.
             Slain by a tentacled starspawn (32 damage)
             ... on level 2 of the Abyss.
             The game lasted 00:28:38 (12934 turns).

MrMiggles the Spear-Bearer (Merfolk Gladiator)     Turns: 12934, Time: 00:28:38

Health: -3/89      AC: 14    Str: 18    XL:     11   Next: 24%
Magic:  9/9        EV: 15    Int:  8    God:    Okawaru [****..]
Gold:   639        SH:  0    Dex: 15    Spells: 10/10 levels left

rFire    + . .     SeeInvis .   y - +0 trident (pierce)
rCold    . . .     Gourm    .   (no shield)
rNeg     . . .     Faith    .   G - +0 chain mail
rPois    .         Spirit   .   c - +0 helmet
rElec    .         Reflect  .   J - +0 cloak
rCorr    .         Harm     .   F - +0 pair of gloves
MR       .....                  (no boots)
Stlth    ..........             (no amulet)
HPRegen  0.24/turn              K - ring of protection from fire
MPRegen  0.11/turn              A - +5 ring of evasion

@: no status effects
A: change form in water, swift swim, stealthy swim, [low mp 3]
a: Heroism, Renounce Religion


You were on level 2 of the Abyss.
You worshipped Okawaru.
Okawaru was greatly pleased with you.
You were hungry.

You visited 2 branches of the dungeon, and saw 10 of its levels.
You visited the Abyss 1 time.

You collected 639 gold pieces.

Inventory:

Hand Weapons
 y - a +0 trident of piercing (weapon)
 N - a +4 spear
Missiles
 d - 4 throwing nets
 u - 3 steel tomahawks (quivered)
 I - 4 tomahawks
Armour
 b - a +0 leather armour
 c - a +0 helmet (worn)
 e - a +0 ring mail
 F - a +0 pair of gloves (worn)
 G - a +0 chain mail (worn)
 H - a +0 large shield
 J - a +0 cloak (worn)
Jewellery
 h - an uncursed ring of wizardry
 A - a +5 ring of evasion (right hand)
 K - a ring of protection from fire (left hand)
Wands
 m - a wand of acid (1)
 t - a wand of random effects (24)
 v - a wand of disintegration (7)
Scrolls
 j - 6 scrolls of remove curse
 k - 2 scrolls of teleportation
 q - a scroll of enchant armour {unknown}
 s - 4 scrolls of fog
 x - a scroll of blinking
 z - a scroll of noise {unknown}
 B - a scroll of enchant weapon {unknown}
 C - a scroll of immolation {unknown}
 D - a scroll of amnesia
 E - a scroll of brand weapon {unknown}
 M - a scroll of fear {unknown}
Potions
 a - 3 potions of ambrosia
 i - a potion of brilliance
 l - a potion of cancellation {unknown}
 n - a potion of resistance {unknown}
 o - 2 potions of heal wounds
 p - a potion of berserk rage {unknown}
 r - 6 potions of curing
Comestibles
 f - 20 rations


   Skills:
 + Level 9.6 Fighting
 - Level 14.3 Polearms
 - Level 2.0 Throwing
 + Level 7.2 Armour
 - Level 5.5 Dodging
 - Level 0.7 Stealth
 * Level 4.1 Invocations
 - Level 1.6 Evocations


You had 10 spell levels left.
You didn't know any spells.
Your spell library contained the following spells:

 Spells                   Type           Power        Failure   Level  Hunger
 Infusion                 Chrm           #...         99%         1    ##.....
 Shroud of Golubria       Chrm/Tloc      #.........   100%        2    ###....
 Song of Slaying          Chrm           #.......     100%        2    ###....
 Regeneration             Chrm/Necr      #.........   100%        3    ####...
 Spectral Weapon          Hex/Chrm       #.......     100%        3    ####...


Dungeon Overview and Level Annotations

Branches:
Dungeon (9/15)             Temple (1/1) D:7
   Lair: D:8-11         Orc: D:9-12

Altars:
Ashenzari
Cheibriados
Dithmenos
Elyvilon
Fedhas
Gozag
Hepliaklqana
Kikubaaqudgha
Makhleb
Nemelex Xobeh
Okawaru
Qazlal
Ru
Trog
Uskayaw
Vehumet
Wu Jian
Xom
Yredelemnul
Zin
The Shining One

Annotations:
D:2 exclusion: 2 downstairs
D:3 exclusion: downstairs
D:7 1 runed translucent door, exclusion: 2 downstairs, Gazerockf's ghost, novice MiFi
D:8 exclusion: downstairs
D:9 Erolcha


Innate Abilities, Weirdness & Mutations

You revert to your normal form in water You are very nimble and swift while swimming.
You are very stealthy in the water. (Stealth+)
[Your magical capacity is extremely low. (-30% MP)]


Message History

A starcursed mass splits.
The ufetubus barely misses you.
The ufetubus hits you but does no damage.
The ufetubus barely misses you. The ufetubus closely misses you.
The starcursed mass shrieks in your mind.
The ufetubus hits you but does no damage. x2
The ufetubus barely misses you.
The ufetubus hits you but does no damage.
The ufetubus closely misses you.
The ufetubus hits you but does no damage.
The ufetubus misses you. The ufetubus barely misses you.
A tentacled starspawn comes into view.
The ufetubus closely misses you. x2
The starcursed mass shrieks in your mind.
Tentacles burst from the starspawn's body!
The ufetubus barely misses you.
The ufetubus misses you. 2 starspawn tentacles come into view.
You hit the tentacled starspawn.
The tentacled starspawn is lightly damaged.
The tentacled starspawn bites you!!
You die...

## ###.
#wX#
#w@#
##5##
###...#
##..##.#
# ..##
## ##
#... #
.##X####
#..##
#X##


You could see a starcursed mass, a tentacled starspawn, 2 starspawn tentacles
and an ufetubus.

Vanquished Creatures
  Harold (D:8)
  A two-headed ogre (D:8)
  A wretched star (Abyss:2)
  A worldbinder (Abyss:2)
  Maurice (D:8)
  A wyvern (D:8)
  A spriggan (D:8)
  3 yaks
  A neqoxec (Abyss:2)
  A water moccasin (D:5)
  5 ice beasts
  4 orc warriors
  4 sky beasts
  2 phantoms
  A black bear (D:6)
  7 ogres
  A centaur (D:5)
  A small abomination (Abyss:2)
  3 bullfrogs (D:8)
  A wyvern zombie (D:8)
  2 scorpions
  A killer bee (D:9)
  A howler monkey (D:9)
  8 wights
  A centaur zombie (D:7)
  2 crimson imps (D:8)
  5 hounds
  4 orc priests
  4 jellies
  2 bullfrog skeletons
  A centaur skeleton (D:5)
  Ijyb (D:3)
  An iguana (D:6)
  5 worker ants
  10 orc wizards
  A hound skeleton (D:7)
  A hound zombie (D:7)
  A worker ant zombie (D:7)
  8 gnolls
  16 adders
  3 shadow imps
  2 oozes
  An adder skeleton (D:6)
  6 worms
  A dart slug (D:1)
  6 leopard geckos
  38 orcs
  3 ball pythons
  6 giant cockroaches
  13 goblins
  20 hobgoblins
  15 jackals
  15 kobolds
  3 quokkas
  8 bats
  7 frilled lizards
  A giant cockroach zombie (D:5)
  10 rats
274 creatures vanquished.

Notes
Turn   | Place    | Note
-------+----------+-------------------------------------------
     0 | D:1      | MrMiggles the Merfolk Gladiator began the quest for the
                  | Orb.
     0 | D:1      | Reached XP level 1. HP: 16/16 MP: 1/1
   168 | D:1      | Reached XP level 2. HP: 22/22 MP: 2/2
   331 | D:1      | Reached skill level 5 in Polearms
   506 | D:1      | Reached XP level 3. HP: 28/28 MP: 3/3
   894 | D:2      | Found a faded altar of an unknown god.
  1105 | D:2      | Reached skill level 5 in Dodging
  1157 | D:2      | Reached XP level 4. HP: 34/34 MP: 4/4
  1180 | D:2      | Found a stormy altar of Qazlal.
  1380 | D:2      | Reached skill level 6 in Polearms
  1931 | D:3      | Reached XP level 5. HP: 33/39 MP: 5/5
  1937 | D:3      | Noticed an ice beast
  2186 | D:3      | Noticed Ijyb
  2252 | D:3      | Killed Ijyb
  2252 | D:3      | Reached skill level 7 in Polearms
  3113 | D:3      | Reached skill level 8 in Polearms
  3113 | D:3      | Reached XP level 6. HP: 35/47 MP: 6/6
  3121 | D:3      | Reached skill level 1 in Armour
  4421 | D:4      | Reached XP level 7. HP: 47/52 MP: 7/7
  4672 | D:4      | Reached skill level 9 in Polearms
  5595 | D:4      | Reached XP level 8. HP: 52/61 MP: 8/8
  5815 | D:5      | Entered Level 5 of the Dungeon
  6143 | D:5      | Reached skill level 10 in Polearms
  6713 | D:5      | Found a white marble altar of Elyvilon.
  6785 | D:5      | Reached skill level 5 in Fighting
  7711 | D:6      | Reached skill level 11 in Polearms
  7845 | D:6      | Reached XP level 9. HP: 65/68 MP: 9/9
  8371 | D:6      | Reached skill level 5 in Armour
  8944 | D:7      | Found a snail-covered altar of Cheibriados.
  8988 | D:7      | Reached skill level 12 in Polearms
  9322 | D:7      | Found a staircase to the Ecumenical Temple.
  9407 | D:7      | Found a runed translucent door.
  9407 | D:7      | Noticed Gazerockf's ghost (novice MiFi)
  9440 | Temple   | Entered the Ecumenical Temple
  9575 | Temple   | Became a worshipper of Warmaster Okawaru
 10491 | D:8      | Noticed Maurice
 10507 | D:8      | Killed Maurice
 10507 | D:8      | Reached * piety under Okawaru
 10507 | D:8      | Reached skill level 13 in Polearms
 10507 | D:8      | Reached XP level 10. HP: 49/79 MP: 10/10
 10853 | D:8      | Reached skill level 1 in Evocations
 10871 | D:8      | Reached ** piety under Okawaru
 11136 | D:8      | Noticed a death knight
 11393 | D:8      | Noticed Harold
 11402 | D:8      | Killed Harold
 11402 | D:8      | Reached skill level 14 in Polearms
 11563 | D:8      | Reached skill level 1 in Invocations
 11683 | D:8      | Reached *** piety under Okawaru
 12373 | D:9      | Noticed a two-headed ogre
 12409 | D:8      | Killed a two-headed ogre
 12631 | D:8      | Reached XP level 11. HP: 79/87 MP: 13/13
 12708 | D:9      | Noticed Erolcha
 12772 | D:9      | Cast into level 2 of the Abyss (Erolcha)
 12814 | Abyss:2  | Noticed a worldbinder
 12834 | Abyss:2  | Killed a worldbinder
 12834 | Abyss:2  | Reached **** piety under Okawaru
 12889 | Abyss:2  | Noticed a wretched star
 12899 | Abyss:2  | Killed a wretched star
 12902 | Abyss:2  | Noticed a starcursed mass
 12931 | Abyss:2  | Noticed a tentacled starspawn
 12934 | Abyss:2  | Slain by a tentacled starspawn

Skill      XL: |  1  2  3  4  5  6  7  8  9 10 11 |
---------------+----------------------------------+-----
Polearms       | 5 6 8 9 11 13 14 | 14.3
Dodging        | 5 |  5.5
Fighting       | 3 4 5 7 8 9 |  9.6
Armour         | 1 2 4 5 6 7 |  7.2
Evocations     | 1 |  1.6
Invocations    | 3 4 |  4.1
Throwing       | |  2.0
Stealth        | |  0.7

Action                   |  1- 3 |  4- 6 |  7- 9 | 10-12 || total
-------------------------+-------+-------+-------+-------++-------
Melee: Trident           |   103 |   312 |   475 |   321 ||  1211
       Tailslap          |     1 |       |       |       ||     1
       Spear             |       |       |    21 |       ||    21
Throw: Tomahawk          |       |     4 |     5 |       ||     9
Invok: Heroism           |       |       |       |     3 ||     3
Evoke: Wand              |       |       |     7 |     1 ||     8
  Use: Scroll            |       |       |     8 |     3 ||    11
       Potion            |       |       |     2 |     4 ||     6
  Eat: Chunk             |     1 |    11 |    12 |     7 ||    31
       Ration            |       |       |     2 |       ||     2
Armor: Leather armour    |     4 |       |       |       ||     4
       Ring mail         |    22 |    78 |    32 |       ||   132
       Chain mail        |       |       |    86 |    67 ||   153
Dodge: Dodged            |    48 |   151 |   234 |   135 ||   568
